 Dungeon Crawl Stone Soup version 0.18.1-50-g88ac8fd (webtiles) character file.

8010 Ponchio the Nimble (level 11, -2/78 HPs)
             Began as a Gargoyle Fighter on Sept 29, 2016.
             Was a Follower of Qazlal.
             Killed by divine providence
             ... invoked by an orc priest
              (9 damage)
             ... on level 9 of the Dungeon.
             The game lasted 00:44:24 (7403 turns).

Ponchio the Nimble (Gargoyle Fighter)               Turns: 7403, Time: 00:44:25

Health: -2/78      AC: 21    Str: 24    XL:     11   Next: 24%
Magic:  11/11      EV:  6    Int:  8    God:    Qazlal [*.....]
Gold:   474        SH: 13    Dex: 12    Spells: 0 memorised, 10 levels left

rFire  . . .     SeeInvis .     G - +2 whip (elec)
rCold  + . .     Gourm    .     m - +3 chain mail {rC+}
rNeg   + . .     Faith    .     c - +1 shield
rPois  ∞         Spirit   .     (helmet restricted)
rElec  +         Dismiss  .     C - +0 cloak
rCorr  .         Reflect  .     (no gloves)
SustAt .         Harm     .     (no boots)
MR     .....     Rnd*Rage +     (no amulet)
Stlth  ..........               (no ring)
                                n - +3 ring of strength

@: not resistant to hostile enchantments, extremely unstealthy
A: horns 1, berserk 1, negative energy resistance 1, robust 1, electricity
resistance, unbreathing, petrification resistance, rot immunity, AC +7
a: Renounce Religion


You were on level 9 of the Dungeon.
You worshipped Qazlal.
Qazlal was aware of your devotion.
You were not hungry.

You visited 2 branches of the dungeon, and saw 10 of its levels.

You collected 682 gold pieces.
You spent 208 gold pieces at shops.

Inventory:

Hand Weapons
 a - a +2 whip of freezing
 j - a +0 mace of protection
 l - a +1 vampiric short sword
 s - a +1 flail of crushing
 G - a +2 whip of electrocution (weapon)
Armour
 c - a +1 shield (worn)
 m - a +3 chain mail of cold resistance (worn)
 C - a +0 cloak (worn)
Jewellery
 i - an uncursed amulet of magic regeneration
 n - a +3 ring of strength (left hand)
 B - the ring "Caucoi" {+Fly rF+, unknown}
   (You found it on level 8 of the Dungeon)

   [ring of flight]

   It protects you from fire.
   It lets you fly.
Wands
 h - a wand of confusion (22/48)
 r - a wand of iceblast (15/15)
 A - a wand of digging (16/24)
Scrolls
 g - 6 scrolls of remove curse
 o - 6 scrolls of teleportation
 w - 5 scrolls of recharging
 y - 3 scrolls of identify
 z - a scroll of fear
 H - a scroll of magic mapping
Potions
 b - a potion of brilliance
 d - a potion of might
 e - a potion of heal wounds
 k - 2 potions of curing
 t - 3 potions of resistance
 u - a potion of magic
 v - a potion of flight
 F - a potion of agility {unknown}
Books
 D - a book of Ice

   Spells                             Type                      Level
   a - Ice Form                       Ice/Transmutation            4
   b - Metabolic Englaciation         Hexes/Ice                    5
   c - Ozocubu's Refrigeration        Ice                          6
   d - Bolt of Cold                   Conjuration/Ice              6
   e - Freezing Cloud                 Conjuration/Ice/Air          6
   f - Simulacrum                     Ice/Necromancy               6
Comestibles
 f - 4 bread rations
 p - 4 beef jerkies
 q - 8 meat rations
 x - 2 fruits
 E - a chunk of flesh


   Skills:
 + Level 9.3 Fighting
 + Level 8.2 Maces & Flails
 + Level 6.0 Armour
 + Level 10.6 Dodging
 + Level 6.0 Shields


You had 10 spell levels left.
You didn't know any spells.

Dungeon Overview and Level Annotations

Branches:
Dungeon (9/15)             Temple (1/1) D:7            Lair (0/8) D:8
    Orc: D:9-12

Altars:
Ashenzari
Cheibriados
Dithmenos
Elyvilon
Fedhas
Gozag
Makhleb
Nemelex Xobeh
Okawaru
Pakellas
Qazlal
Ru
Vehumet
Xom
Yredelemnul
Zin
The Shining One

Shops:
D:6 %   D:8 ?

Annotations:
D:6 Drunkenshrew's ghost, novice DrSk


Innate Abilities, Weirdness & Mutations

You are resistant to torment.
Your stone body is resilient (AC +7).
You are immune to poison.
You resist negative energy.
You are resistant to electric shocks.
You can survive without breathing.
You are immune to petrification.
You are immune to rotting.
You have a pair of small horns on your head.
You tend to lose your temper in combat.
You are robust (+10% HP).


Message History

The phantom hits you but does no damage. 2 killer bees come into view.
The killer bee buzzes angrily.
You block the orc warrior's attack.
The orc priest mumbles some strange prayers to Beogh against you.
Beogh smites you!
The orc priest calls down the wrath of Beogh upon you.
Beogh smites you!
The killer bee buzzes angrily.
The orc priest calls down the wrath of Beogh upon you.
Beogh smites you!
* * * LOW HITPOINT WARNING * * *
The phantom hits you but does no damage.
There is a stone staircase leading up here.
The orc priest calls down the wrath of Beogh upon you.
Beogh smites you!
* * * LOW HITPOINT WARNING * * *
The orc priest calls down the wrath of Beogh upon you.
Beogh smites you!
You die...

#.............
#..............
###..............
.................
........(..>.....
#≈...?...........
#≈.....§oo.......
#≈.....@oy.oy....
##.....§W....o...
#........§.y....
#...............
#.#.............
# #.............
###...........
##..........
...........


You could see a phantom, an orc warrior, 3 killer bees, 3 orc priests and an orc
wizard.

Vanquished Creatures
  Pikel (D:3)
  Maurice (D:8)
  A spiny frog (D:8)
  A troll (D:5)
  Sigmund (D:5)
  A hippogriff (D:7)
  Grum (D:8)
  A water moccasin (D:8)
  Duvessa (D:4)
  4 orc warriors
  4 ice beasts
  3 sky beasts
  2 black bears
  A wasp (D:7)
  2 slaves (D:4)
  A phantom (D:8)
  2 necrophages
  4 ogres
  3 centaurs
  2 wolves (D:8)
  A crocodile (D:8)
  Blork the orc (D:4)
  5 giant frogs
  Dowan (D:4)
  A wyvern skeleton (D:8)
  4 scorpions
  A howler monkey (D:7)
  3 crimson imps
  2 giant frog zombies
  A hound (D:8)
  4 jellies
  10 orc wizards
  2 centaur skeletons
  5 orc priests
  Jessica (D:3)
  4 iguanas
  8 worker ants
  A killer bee zombie (D:6)
  A hound skeleton (D:6)
  2 howler monkey skeletons
  8 gnolls
  4 adders
  An adder zombie (D:6)
  A worm (D:2)
  A dart slug (D:3)
  4 giant geckos
  25 orcs
  6 giant cockroaches
  4 goblins
  10 hobgoblins
  12 jackals
  7 kobolds
  3 quokkas
  2 ball pythons (D:1)
  5 bats
  A giant gecko zombie (D:5)
  8 giant newts
  A quokka skeleton (D:4)
  5 rats
203 creatures vanquished.

Vanquished Creatures (others)
  An adder (D:4)
1 creature vanquished.

Grand Total: 204 creatures vanquished

Notes
Turn   | Place    | Note
--------------------------------------------------------------
     0 | D:1      | Ponchio the Gargoyle Fighter began the quest for the Orb.
     0 | D:1      | Reached XP level 1. HP: 14/14 MP: 1/1
    47 | D:1      | Reached XP level 2. HP: 19/19 MP: 2/2
   342 | D:1      | Reached XP level 3. HP: 24/24 MP: 3/3
   666 | D:2      | Found a glowing golden altar of the Shining One.
   755 | D:2      | Reached XP level 4. HP: 30/30 MP: 4/4
   915 | D:2      | Found a sparkling altar of Nemelex Xobeh.
  1163 | D:3      | Noticed Jessica
  1180 | D:3      | Killed Jessica
  1522 | D:4      | Noticed a slave
  1523 | D:4      | Noticed a slave
  1537 | D:4      | Killed a slave
  1544 | D:4      | Killed a slave
  1553 | D:4      | Noticed Pikel
  1555 | D:4      | Noticed a slave
  1556 | D:4      | Noticed a slave
  1563 | D:4      | Noticed Blork the orc
  1706 | D:3      | Killed Pikel
  1706 | D:3      | Reached skill level 5 in Maces & Flails
  1706 | D:3      | Reached XP level 5. HP: 25/37 MP: 5/5
  1706 | D:3      | Reached XP level 6. HP: 28/42 MP: 6/6
  1706 | D:3      | Reached XP level 7. HP: 32/47 MP: 7/7
  1827 | D:4      | Killed Blork the orc
  2140 | D:4      | Found a white marble altar of Elyvilon.
  2168 | D:4      | Noticed Dowan
  2169 | D:4      | Noticed Duvessa
  2183 | D:4      | Killed Duvessa
  2195 | D:4      | Killed Dowan
  2240 | D:4      | Reached XP level 8. HP: 27/53 MP: 8/8
  2600 | D:3      | Found a radiant altar of Vehumet.
  2649 | D:5      | Entered Level 5 of the Dungeon
  2862 | D:5      | Noticed Sigmund
  2873 | D:5      | Killed Sigmund
  2873 | D:5      | Reached skill level 1 in Dodging
  2984 | D:5      | Found an oddly glowing altar of Pakellas.
  3624 | D:5      | Reached skill level 2 in Dodging
  3636 | D:5      | Noticed a troll
  3637 | D:5      | Reached skill level 9 in Dodging
  3637 | D:5      | Reached XP level 9. HP: 59/59 MP: 9/9
  3649 | D:5      | Killed a troll
  3649 | D:5      | Reached skill level 10 in Dodging
  3649 | D:5      | Reached XP level 10. HP: 28/65 MP: 10/10
  3997 | D:6      | Found Sacathob's Food Shoppe.
  4023 | D:6      | Found an opulent altar of Gozag.
  4269 | D:6      | Reached skill level 5 in Armour
  4313 | D:6      | Found a radiant altar of Vehumet.
  4328 | D:6      | Noticed Drunkenshrew's ghost (novice DrSk)
  4717 | D:5      | Gained mutation: You tend to lose your temper in combat. [potion of mutation]
  4717 | D:5      | Gained mutation: You have a pair of small horns on your head. [potion of mutation]
  4717 | D:5      | Gained mutation: You are robust (+10% HP). [potion of mutation]
  4855 | D:6      | Reached skill level 5 in Shields
  5815 | D:7      | Found a staircase to the Ecumenical Temple.
  5862 | Temple   | Entered the Ecumenical Temple
  5905 | Temple   | Became a worshipper of Qazlal Stormbringer
  6275 | D:8      | Noticed Grum
  6320 | D:8      | Killed Grum
  6573 | D:8      | Reached XP level 11. HP: 76/78 MP: 11/11
  6628 | D:8      | Noticed Maurice
  6653 | D:8      | Killed Maurice
  6797 | D:8      | Reached * piety under Qazlal
  6856 | D:8      | Found a staircase to the Lair.
  6875 | D:8      | Got a pitted silver ring
  7134 | D:8      | Found Baytu's Magic Scroll Boutique.
  7161 | D:8      | Bought a scroll of enchant weapon for 82 gold pieces
  7161 | D:8      | Bought a scroll of identify for 22 gold pieces
  7161 | D:8      | Bought a scroll of magic mapping for 38 gold pieces
  7161 | D:8      | Bought 2 scrolls of teleportation for 66 gold pieces
  7403 | D:9      | Killed from afar by an orc priest

Skill      XL: |  1  2  3  4  5  6  7  8  9 10 11 |
---------------+----------------------------------+-----
Fighting       | 4 6 7 8 9 |  9.3
Maces & Flails | 3 5 6 7 8 |  8.2
Armour         | 4 5 6 |  6.0
Dodging        | 9 10 | 10.6
Shields        | 4 5 6 |  6.0

Action                   |  1- 3 |  4- 6 |  7- 9 | 10-12 || total
-------------------------+-------+-------+-------+-------++-------
Melee: Flail             |   132 |   110 |   182 |   509 ||   933
       Whip              |       |       |    35 |     8 ||    43
       Headbutt          |       |       |       |    92 ||    92
  Use: Scroll            |       |    12 |     5 |     5 ||    22
       Potion            |       |       |     5 |     1 ||     6
  Eat: Chunk             |       |     3 |     7 |    15 ||    25
       Pizza             |       |       |       |     1 ||     1
Armor: Scale mail        |    64 |    80 |    18 |       ||   162
       Chain mail        |       |       |    92 |   243 ||   335
Dodge: Dodged            |    28 |    59 |    34 |   161 ||   282
Block: Shield            |    99 |    76 |   114 |   330 ||   619
